Map: Eternal Empire LE

Players

Arbiter

  • Race: Zerg Zerg
  • Spawn Location: 1:00

Zaechus - Winner!

  • Race: Protoss Protoss
  • League: Diamond
  • Spawn Location: 7:00

VOD

Have the link to the VOD?

Description

Time

  • Played on: Aug. 30, 2020, 2:58 a.m.
  • Length: 12:57
Show
View Real Time Build Order
Export as new Build Order

Arbiter Zerg 

Build Orders: Hatch First 

Get SALT Encoding   

  12  0:00  Drone  
  13  0:12  Overlord  
  13  0:20  Drone  
  14  0:30  Drone  
  14  0:31  Drone  
  14  0:34  Drone  
  17  0:52  Hatchery  
  17  0:55  Drone  
  17  0:57  Extractor  
  17  1:00  Drone  
  17  1:15  Spawning Pool  
  16  1:19  Drone  
  16  1:21  Drone  
  18  1:28  Drone  
  19  1:38  Overlord  
  19  1:49  Drone  
  20  2:01  Metabolic Boost, Queen  
  20  2:06  Queen  
  24  2:11  Zergling x2  
  24  2:12  Zergling x2  
  26  2:16  Zergling x2  
  27  2:24  Drone x2  
  27  2:27  Drone  
  30  2:41  Queen  
  32  2:44  Overlord  
  32  2:47  Drone x2  
  33  3:23  Hatchery, Drone x8  
  40  3:31  Spore Crawler  
  39  3:36  Spore Crawler  
  39  3:38  Queen  
  40  3:48  Drone x4  
  41  3:52  Extractor  
  41  3:53  Drone  
  44  3:56  Overlord  
  44  4:26  Drone  
  44  4:27  Drone x5  
  50  4:32  Queen  
  52  4:43  Spore Crawler  
  51  4:47  Overlord x3  
  51  4:48  Overlord  
  51  4:52  Lair  
  51  4:56  Extractor x2  
  51  4:58  Drone  
  50  5:14  Evolution Chamber, Drone x2  
  50  5:15  Evolution Chamber  
  50  5:43  Zerg Missile Weapons Level 1, Zerg Ground Armor Level 1  
  50  5:52  Drone  
  50  5:53  Drone x20  
  71  5:59  Overlord x4  
  71  6:02  Drone x3  
  74  6:24  Extractor  
  73  6:25  Extractor  
  73  6:29  Hydralisk Den  
  73  6:31  Drone x2  
  73  6:32  Baneling Nest  
  72  6:35  Drone  
  72  6:36  Infestation Pit  
  67  6:40  Drone  
  67  6:41  Drone x14  
  76  6:54  Overlord x3  
  74  7:17  Drone x3  
  74  7:19  Overlord x4  
  74  7:20  Grooved Spines  
  77  7:25  Hydralisk  
  77  7:26  Hydralisk x3  
  83  7:31  Hydralisk  
  83  7:32  Hydralisk x3  
  91  7:39  Zerg Ground Armor Level 2, Zerg Missile Weapons Level 2  
  91  7:45  Hydralisk  
  91  7:46  Hydralisk x5  
  103  8:02  Hydralisk x5  
  103  8:03  Hydralisk  
  115  8:09  Hydralisk x2  
  119  8:22  Overlord  
  119  8:23  Overlord x8  
  119  8:32  Muscular Augments  
  119  8:39  Drone  
  119  8:40  Drone  
  121  8:47  Centrifical Hooks  
  121  8:49  Hatchery  
  121  8:51  Unknown  
  117  9:04  Zergling x4  
  117  9:05  Zergling x18  
  128  9:15  Queen  
  130  9:34  Baneling x10  
  130  9:35  Baneling x13  
  130  9:38  Zergling x2  
  130  9:39  Zergling x28  
  130  9:44  Hydralisk  
  130  9:45  Hydralisk x3  
  153  9:52  Drone x3  
  156  10:20  Baneling  
  156  10:21  Baneling x30  
  156  10:26  Hive  
  156  10:28  Zerg Melee Weapons Level 1  
  156  10:30  Hydralisk x9  
  174  10:35  Zergling x2  
  174  10:36  Zergling x18  
  174  10:39  Drone x2  
  174  10:40  Drone x2  
  117  11:18  Zergling x2  
  117  11:19  Zergling x34  
  111  11:40  Zergling x2  
  111  11:41  Zergling x16  
  102  12:12  Baneling x13  
  102  12:13  Baneling x12  
  102  12:18  Zergling x2  
  102  12:19  Zergling x22  
  114  12:24  Baneling x12  
  114  12:25  Baneling x5  
  114  12:34  Zergling x2  
  114  12:35  Zergling x16  
Show
View Real Time Build Order
Export as new Build Order

Zaechus Protoss - Winner!

Build Orders: 1 Gate Expand, Oracle Opening, Phoenix Opening, Archon Immortal, Mass Phoenix 

Get SALT Encoding   

  12  0:00  Probe  
  13  0:12  Probe  
  14  0:19  Pylon  
  14  0:24  Probe  
  15  0:37  Gateway  
  15  0:39  Probe (Chrono Boost)  
  16  0:45  Assimilator  
  17  0:50  Probe (Chrono Boost)  
  17  0:55  Probe (Chrono Boost)  
  18  1:06  Probe  
  19  1:18  Probe  
  20  1:28  Nexus  
  20  1:36  Cybernetics Core  
  20  1:40  Probe  
  20  1:45  Assimilator  
  21  1:52  Probe  
  22  1:55  Pylon  
  22  2:04  Probe  
  23  2:11  Adept (Chrono Boost)  
  25  2:16  Probe  
  26  2:25  Stargate  
  26  2:29  Probe  
  27  2:33  Adept  
  29  2:40  Probe (Chrono Boost), Warp Gate  
  29  2:41  Probe (Chrono Boost)  
  31  2:50  Probe x2 (Chrono Boost)  
  33  2:55  Probe x2 (Chrono Boost)  
  35  3:01  Gateway  
  35  3:06  Probe  
  35  3:07  Probe  
  37  3:16  Oracle (Chrono Boost)  
  37  3:19  Probe  
  39  3:21  Probe  
  40  3:27  Adept  
  40  3:30  Shield Battery  
  40  3:31  Probe  
  40  3:32  Pylon  
  40  3:33  Probe  
  44  3:43  Probe  
  44  3:45  Probe  
  46  3:50  Phoenix  
  46  3:55  Probe  
  49  4:05  Probe  
  49  4:07  Probe  
  49  4:09  Nexus  
  51  4:13  Pylon  
  51  4:15  Pylon, Phoenix  
  53  4:17  Probe  
  53  4:21  Stargate  
  54  4:26  Assimilator  
  54  4:29  Assimilator  
  54  4:31  Probe  
  55  4:35  Probe  
  56  4:43  Probe  
  57  4:47  Probe  
  58  4:55  Probe  
  58  4:56  Adept x2  
  58  4:59  Probe  
  64  5:04  Phoenix  
  64  5:05  Phoenix  
  64  5:06  Pylon  
  68  5:07  Probe  
  68  5:11  Probe  
  68  5:12  Pylon  
  70  5:15  Pylon  
  71  5:21  Probe  
  71  5:25  Probe  
  71  5:26  Probe  
  73  5:29  Phoenix (Chrono Boost)  
  73  5:33  Probe  
  76  5:37  Probe, Phoenix (Chrono Boost)  
  76  5:38  Probe  
  80  5:45  Probe  
  80  5:46  Adept x2  
  80  5:49  Probe, Phoenix (Chrono Boost)  
  88  5:50  Probe  
  88  5:53  Phoenix (Chrono Boost)  
  91  5:57  Probe  
  91  6:01  Probe  
  93  6:04  Probe  
  93  6:09  Probe  
  93  6:10  Robotics Facility  
  95  6:12  Robotics Facility  
  95  6:13  Zealot x2, Probe, Forge  
  95  6:16  Twilight Council, Probe  
  101  6:21  Probe  
  102  6:34  Pylon  
  102  6:35  Pylon  
  102  6:40  Pylon  
  98  6:47  Probe x3  
  98  6:50  Zealot  
  98  6:51  Zealot  
  105  6:59  Probe  
  106  7:01  Assimilator  
  106  7:05  Assimilator  
  102  7:14  Stalker x2  
  106  7:17  Protoss Ground Weapons Level 1 (Chrono Boost)  
  106  7:21  Probe x3  
  113  7:23  Immortal x2, Charge  
  117  7:33  Probe x2  
  119  7:41  Protoss Air Weapons Level 1  
  119  7:46  Probe  
  119  7:47  Probe x2  
  119  7:50  Nexus  
  122  7:54  Pylon  
  122  7:57  Gateway, Pylon  
  122  7:58  Pylon, Probe  
  123  8:01  Stalker x2  
  123  8:02  Immortal  
  123  8:05  Gateway x2  
  131  8:12  Immortal  
  135  8:20  Pylon  
  135  8:21  Gateway, Pylon  
  135  8:30  Pylon  
  135  8:31  Zealot x2  
  135  8:33  Pylon  
  139  8:35  Templar Archives  
  139  8:38  Fleet Beacon  
  143  8:41  Immortal  
  143  8:52  Immortal  
  143  8:53  Zealot x2  
  143  8:54  Zealot  
  143  8:55  Gateway x2  
  153  8:58  Gateway  
  153  9:00  Gateway  
  153  9:08  Zealot  
  155  9:17  Gateway  
  155  9:19  Gateway  
  155  9:20  Observer  
  155  9:21  Pylon  
  155  9:23  Protoss Ground Weapons Level 2 (Chrono Boost)  
  156  9:25  Assimilator  
  156  9:26  Psionic Storm  
  156  9:29  Assimilator  
  156  9:30  Warp Prism, Forge  
  158  9:36  High Templar x5  
  168  9:42  Immortal  
  172  9:53  Zealot x3  
  172  9:57  Archon x2  
  172  9:58  High Templar  
  180  10:06  Immortal  
  184  10:13  Nexus  
  184  10:16  Unknown  
  184  10:17  High Templar x4  
  184  10:19  Zealot x4, Pylon  
  200  10:22  Pylon  
  194  10:40  High Templar x2  
  194  10:41  High Templar  
  200  10:45  Archon  
  200  10:46  Archon  
  200  10:53  Zealot  
  200  10:59  Protoss Shields Level 1 (Chrono Boost)  
  153  11:24  Zealot x6  
  163  11:26  Nexus  
  163  11:31  Stargate, Immortal x2  
  151  11:33  Stargate  
  151  11:36  Stargate  
  143  11:42  Stargate  
  143  11:53  Assimilator  
  137  11:55  Pylon, Archon x2  
  137  11:56  Zealot x6  
  149  12:02  Probe  
  149  12:03  Probe x2  
  152  12:10  Immortal  
  152  12:11  Immortal  
  152  12:15  Probe x3  
  163  12:18  High Templar  
  163  12:19  High Templar x3  
  163  12:20  Zealot x2  
  175  12:25  Zealot x2  
  175  12:27  Archon x2, Probe  
  180  12:43  Zealot  
  180  12:44  Zealot  
Tags
 
Add a new tag
Caveats
  • Supply blocks, unpowered buildings, or Contaminate may cause inaccurate times.
  • Supply counts are checked every 10 seconds.